 Dungeon Crawl Stone Soup version 0.19.0-2-gae57169 (webtiles) character file.

117 usedmeteor the Cudgeler (level 5, -4/37 HPs)
             Began as a Human Chaos Knight on Nov 4, 2016.
             Slain by a slave (6 damage)
             ... led by Pikel
             ... on level 4 of the Dungeon.
             The game lasted 00:20:57 (3047 turns).

usedmeteor the Cudgeler (Human Chaos Knight)        Turns: 3047, Time: 00:20:57

Health: -4/37      AC:  5    Str: 14      XL:     5   Next: 22%
Magic:  5/5        EV: 11    Int:  7      God:    Xom [.....*]
Gold:   240        SH:  4    Dex: 10 (12) Spells: 0 memorised, 4 levels left

rFire  . . .     SeeInvis .     c - +0 whip (curse)
rCold  + + +     Gourm    .     E - +0 leather armour
rNeg   . . .     Faith    .     (no shield)
rPois  .         Spirit   .     (helmet restricted)
rElec  .         Reflect  .     l - +0 cloak
rCorr  .         Harm     +     (no gloves)
MR     .....                    (no boots)
Stlth  ++........               s - amulet of the Battered Blessings {Harm *Drain *Slow rC++ Stlth+}
                                (no ring)
                                m - -5 ring of intelligence

@: very slightly contaminated, hasted, very quick
A: horns 1, large bone plates 1, cold resistance 1, deterioration 1, frail 1,
shaggy fur 1
a: Renounce Religion


You were on level 4 of the Dungeon.
You worshipped Xom.
You were Xom's teddy bear.
You were not hungry.

You visited 1 branch of the dungeon, and saw 4 of its levels.

You collected 240 gold pieces.

Inventory:

Hand Weapons
 a - a +0 mace of chaos
 c - a cursed +0 whip (weapon)
 e - a +0 hand axe
 h - a +0 spear
 k - a +0 club
 n - a +0 trident
 p - a +0 dagger
 q - a +0 whip
 r - a +0 falchion
 t - a +0 short sword
 v - a +0 club
 w - a +0 club
 x - a +0 hunting sling
 A - a +0 hunting sling
 C - a +0 club
 F - a +0 hand axe
 I - a +0 whip
 K - a +0 dagger
 M - a +0 whip
 O - a +0 club
 P - a +0 club
 Q - a +0 club
Missiles
 d - 120 stones (quivered)
 f - 49 sling bullets
 i - 58 arrows
 B - 29 bolts
Armour
 b - a +2 leather armour
 j - a +0 robe
 l - a +0 cloak (worn)
 o - a +0 ring mail
 z - a +0 plate armour
 D - a +0 robe
 E - a +0 leather armour (worn)
 G - a +0 leather armour
 J - a +0 leather armour
 L - a +0 scale mail
 N - a +0 leather armour
Magical Staves
 y - an uncursed staff of conjuration {unknown}
Jewellery
 m - a -5 ring of intelligence (left hand)
 s - the amulet of the Battered Blessings (around neck) {Harm *Drain *Slow rC++ Stlth+}
   (Xom gifted it to you on level 2 of the Dungeon)

   [amulet of harm]

   It increases damage dealt and taken.
   It greatly protects you from cold.
   It causes draining when unequipped.
   It may slow you when you take damage.
   It makes you more stealthy.
Scrolls
 R - a scroll of recharging
Comestibles
 g - a beef jerky
 u - 2 meat rations
 H - a slice of pizza


   Skills:
 + Level 3.9 Fighting
 + Level 1.2 Short Blades
 + Level 3.9 Maces & Flails
 + Level 2.6 Armour
 + Level 1.5 Dodging
 + Level 0.2 Stealth


You had 4 spell levels left.
You didn't know any spells.

Dungeon Overview and Level Annotations

Branches:
Dungeon (4/15)
 Temple: D:4-7

Altars:
Cheibriados
Nemelex Xobeh
Xom

Annotations:
D:4 Pikel


Innate Abilities, Weirdness & Mutations

You have a pair of small horns on your head.
You are partially covered in large bone plates. (SH +4)
Your flesh is cold resistant. (rC+)
Your body sometimes deteriorates upon taking damage.
You are frail. (-10% HP)
You are covered in fur. (AC +1)


Message History

The slave hits you but does no damage. Pikel hits you with a whip of freezing.
You hit Pikel.
Pikel is moderately wounded.
You closely miss Pikel. Your headbutt misses Pikel.
Pikel is moderately wounded.
The slave hits you.
Your body deteriorates!
You feel clumsy.
You hit Pikel.
Pikel is moderately wounded.
Pikel is no longer moving slowly.
You block Pikel's attack. The slave hits you!
* * * LOW HITPOINT WARNING * * *
You barely miss Pikel.
Pikel is moderately wounded.
Pikel hits you with a whip of freezing.
* * * LOW HITPOINT WARNING * * *
You closely miss Pikel.
Pikel is moderately wounded.
The slave hits you.
You die...
Xom guffaws!

#...#......#
#...##....#
####........#
#.....##..###
##.....b..#
####......#.#######
#....#............#
####......#p#####..
###....#b@.#
#......###K#
#.###.p# Z.# ...
#...# #.# #...
##.p# .# #... ....
.. #.. .#... >.
..... .. #..p..


You could see Pikel, a slave and a howler monkey skeleton.

Vanquished Creatures
  Jessica (D:3)
  2 adders (D:2)
  A dart slug (D:1)
  2 leopard geckos
  8 orcs (D:3)
  5 giant cockroaches
  7 goblins
  3 hobgoblins
  2 quokkas
  A ball python (D:2)
  6 bats
  7 frilled lizards
  7 kobolds
  8 rats
60 creatures vanquished.

Notes
Turn   | Place    | Note
-------+----------+-------------------------------------------
     0 | D:1      | usedmeteor the Human Chaos Knight began the quest for the Orb.
     0 | D:1      | Reached XP level 1. HP: 18/18 MP: 1/1
    49 | D:1      | XOM: harmless Necr miscast
    78 | D:1      | XOM: silly message
   114 | D:1      | XOM: confusion
   168 | D:1      | XOM: harmless Ice miscast
   244 | D:1      | XOM: harmless Summ miscast
   246 | D:1      | XOM: medium Erth miscast
   295 | D:1      | Reached XP level 2. HP: 16/24 MP: 2/2
   345 | D:1      | XOM: harmless Summ miscast
   616 | D:1      | XOM: give mutations
   616 | D:1      | Gained mutation: Armour fits poorly on your strangely shaped body. [Xom's mischief]
   616 | D:1      | Gained mutation: You are clumsy. (Dex -2) [Xom's mischief]
   616 | D:1      | Gained mutation: You are dopey. (Int -2) [Xom's mischief]
   616 | D:1      | Lost mutation: You are dopey. (Int -2) [Xom's mischief]
   835 | D:1      | XOM is BORED!
   835 | D:1      | XOM: give mutations
   835 | D:1      | Lost mutation: You are clumsy. (Dex -2) [Xom's mischief]
   835 | D:1      | Gained mutation: Your body sometimes deteriorates upon taking damage. [Xom's mischief]
   835 | D:1      | Lost mutation: Armour fits poorly on your strangely shaped body. [Xom's mischief]
   835 | D:1      | Gained mutation: You are frail. (-10% HP) [Xom's mischief]
   865 | D:1      | Reached XP level 3. HP: 26/26 MP: 3/3
  1430 | D:2      | Noticed Terence
  1437 | D:2      | Noticed Terence
  1437 | D:2      | Terence changed into Terence the frilled lizard
  1438 | D:2      | Killed Terence the frilled lizard
  1471 | D:2      | XOM: destruction
  1514 | D:2      | Found a snail-covered altar of Cheibriados.
  1518 | D:2      | XOM: stat loss: -1 Str (12/13)
  1534 | D:2      | Reached XP level 4. HP: 12/32 MP: 4/4
  1623 | D:2      | XOM: god gift: bound graven amulet {god gift}
  1624 | D:2      | Got a bound graven amulet {god gift}
  1625 | D:2      | Identified the amulet of the Battered Blessings {Harm *Drain *Slow rC++ Stlth+} (Xom gifted it to you on level 2 of the Dungeon)
  1959 | D:2      | XOM: scenery: create altars
  2077 | D:3      | Noticed Jessica
  2079 | D:3      | Killed Jessica
  2224 | D:3      | HP: 1/33 [orc (2)]
  2360 | D:3      | XOM: scenery: create altars
  2519 | D:3      | Reached XP level 5. HP: 23/37 MP: 5/5
  2572 | D:3      | Reached skill level 1 in Short Blades
  2683 | D:3      | Found a sparkling altar of Nemelex Xobeh.
  2951 | D:3      | XOM: give mutations
  2951 | D:3      | Gained mutation: You are covered in fur. (AC +1) [Xom's grace]
  2951 | D:3      | Gained mutation: You have a pair of small horns on your head. [Xom's grace]
  2951 | D:3      | Gained mutation: Your flesh is cold resistant. (rC+) [Xom's grace]
  2951 | D:3      | Gained mutation: You are partially covered in large bone plates. (SH +4) [Xom's grace]
  3007 | D:4      | Noticed Pikel
  3012 | D:4      | Noticed a slave
  3017 | D:4      | Noticed a slave
  3017 | D:4      | Noticed a slave
  3022 | D:4      | XOM: enchant monster (good)
  3033 | D:4      | XOM: butterfly on damage
  3047 | D:4      | Slain by a slave

Skill      XL: |  1  2  3  4  5 |
---------------+----------------+-----
Short Blades   | 1 |  1.2
Fighting       | |  3.9
Maces & Flails | |  3.9
Armour         | |  2.6
Dodging        | |  1.5
Stealth        | |  0.2

Action                   |  1- 3 |  4- 6 || total
-------------------------+-------+-------++-------
Melee: Mace              |   101 |       ||   101
       Short sword       |    10 |    58 ||    68
       Whip              |       |    77 ||    77
       Headbutt          |       |     4 ||     4
  Use: Scroll            |     4 |     5 ||     9
       Potion            |       |     7 ||     7
 Stab: Sleeping          |       |     3 ||     3
  Eat: Bread ration      |     1 |       ||     1
       Meat ration       |       |     1 ||     1
Armor: Leather armour    |    46 |    33 ||    79
       Skin              |       |     1 ||     1
Dodge: Dodged            |    72 |    90 ||   162
Block: Other             |       |     3 ||     3
